Map: Scythe of Amon

Players

raincamp

  • Race: Terran Terran
  • Spawn Location: 5:00

raincamp

  • Race: Terran Terran
  • Spawn Location: 5:00

VOD

Have the link to the VOD?

Description

Time

  • Played on: Aug. 25, 2017, 12:56 p.m.
  • Length: 68:05
Show
View Real Time Build Order
Export as new Build Order

raincamp Terran 

Build Orders:  

Get SALT Encoding   

  12  0:27  Supply Depot  
Show
View Real Time Build Order
Export as new Build Order

raincamp Terran 

Build Orders:  

Get SALT Encoding   

  12  0:08  SCV  
  13  0:25  SCV  
  13  0:27  Refinery  
  14  0:42  SCV  
  14  0:45  Refinery  
  15  0:59  SCV  
  16  1:16  SCV  
  17  1:21  Barracks  
  17  1:33  SCV  
  18  1:50  SCV  
  19  2:07  SCV  
  20  2:16  Command Center  
  20  2:24  SCV  
  21  2:30  Factory  
  21  2:40  SCV  
  22  2:57  SCV  
  23  3:14  SCV  
  24  3:31  Starport, SCV  
  25  3:41  Armory  
  25  3:46  Engineering Bay  
  25  3:48  SCV  
  26  4:05  SCV  
  27  4:27  SCV  
  28  4:44  SCV  
  29  4:53  Defensive Drone  
  29  4:57  Elite Marine  
  33  6:02  Defensive Drone  
  33  6:04  Refinery  
  33  6:05  SCV x2  
  33  6:09  Refinery  
  35  6:22  SCV x2  
  37  6:41  Starport Tech Lab, Factory Tech Lab, Barracks Tech Lab  
  37  6:43  Caduceus Reactor  
  37  6:46  Terran Infantry Weapons Level 1  
  37  6:47  Terran Vehicle and Ship Weapons Level 1  
  37  7:03  SCV x2  
  39  7:20  SCV x2  
  39  7:22  Raid Liberator  
  39  7:28  Ghost Visor  
  39  7:29  Raid Artillery  
  47  7:37  SCV x2  
  49  8:08  Lockdown Missiles  
  49  8:11  Smart Servos  
  49  8:12  Super Stimpack  
  49  8:32  Strike Goliath  
  55  8:44  Griffin Airstrike  
  55  8:45  Instant Regeneration  
  55  8:48  Defensive Drone  
  55  9:05  Defensive Drone  
  55  9:10  Elite Marine  
  59  9:38  Tactical Airlift  
  61  9:41  Defensive Drone  
  61  9:48  SCV  
  59  9:53  Terran Infantry Weapons Level 2  
  59  9:54  Terran Vehicle and Ship Weapons Level 2  
  59  10:26  Defensive Drone  
  59  10:59  Raid Liberator  
  65  11:37  Hellbat Rangers  
  69  11:44  Strike Goliath  
  75  11:55  Defensive Drone  
  75  12:02  Griffin Airstrike  
  75  12:11  Raven Type-II  
  77  12:43  Hellbat Rangers  
  81  12:56  Tactical Airlift  
  83  13:04  Defensive Drone x4  
  79  13:20  Griffin Airstrike  
Tags
 
Commander
NovaRaynor
Matchup
Co-op
Replay Pack
Co-op Speedrun
Add a new tag
Caveats
  • Supply blocks, unpowered buildings, or Contaminate may cause inaccurate times.
  • Supply counts are checked every 10 seconds.